 Dungeon Crawl Stone Soup version 0.29.1-15-g9cfb28693d (webtiles) character file.

Game seed: 2111763721124176358

455 ChadusMaximus the Shield-Bearer (level 6, 0/56 HPs)
             Began as a Minotaur Fighter on Mar 27, 2023.
             Slain by a black bear (1 damage)
             ... on level 5 of the Dungeon.
             The game lasted 00:02:12 (2379 turns).

ChadusMaximus the Shield-Bearer (Minotaur Fighter)  Turns: 2379, Time: 00:02:12

Health: 0/56       AC: 19    Str: 22    XL:     6   Next: 76%
Magic:  5/5        EV:  6    Int:  5    God:
Gold:   160        SH:  5    Dex: 10    Spells: 5/5 levels left

rFire   . . .      SeeInvis .   p - +8 short sword "Kitruoc" {protect, rElec}
rCold   . . .      Faith    .   c - +0 buckler
rNeg    . . .      Spirit   .   m - +0 plate armour
rPois   .          Reflect  .   (helmet restricted)
rElec   +          Harm     .   (no cloak)
rCorr   .          Rampage  .   (no gloves)
Will    .....                   (no boots)
Stlth   ..........              j - amulet of the acrobat
HPRegen 0.18/turn               (no ring)
MPRegen 0.09/turn               (no ring)

@: under a protective aura
A: horns 2, retaliatory headbutt
a: no special abilities


You were on level 5 of the Dungeon.
You visited 1 branch of the dungeon, and saw 4 of its levels.

You collected 160 gold pieces.

Inventory:

Hand Weapons
 a - a +0 war axe
 p - the +8 short sword "Kitruoc" (weapon) {protect, rElec}
   (You found it on level 3 of the Dungeon)

   It grants its wielder temporary protection when it strikes (+7 to AC).
   rElec:     It insulates you from electricity.
Armour
 b - a +0 scale mail
 c - a +0 buckler (worn)
 m - a +0 plate armour (worn)
Jewellery
 j - an amulet of the acrobat (around neck)
 q - a ring of ice
Scrolls
 e - a scroll of poison {unknown}
 f - 2 scrolls of fog {unknown}
 g - a scroll of magic mapping {unknown}
 k - a scroll of teleportation {unknown}
 o - 3 scrolls of enchant armour {unknown}
 r - a scroll of enchant weapon {unknown}
Potions
 d - 2 potions of might
 h - a potion of attraction {unknown}
 i - 2 potions of heal wounds {unknown}
 l - 2 potions of degeneration {unknown}
 n - a potion of haste {unknown}
 s - a potion of mutation {unknown}


   Skills:
 + Level 5.5 Fighting
 + Level 4.8 Axes
 + Level 5.5 Armour
 + Level 5.6 Shields


You had 5 spell levels left.
You didn't know any spells.
Your spell library contained the following spells:

 Spells                   Type           Power      Damage    Failure   Level
 Conjure Flame            Conj/Fire      0%         6-21      100%        3
 Ignite Poison            Fire/Tmut/Pois 0%         N/A       100%        3
 Sticky Flame             Conj/Fire      0%         2d3       100%        4


Dungeon Overview and Level Annotations

Branches:
Dungeon (3/15)

Altars:
Zin

Annotations:
D:5 1 runed translucent door, Crazy Yiuf


Innate Abilities, Weirdness & Mutations

You have a pair of horns on your head.
You reflexively headbutt those who attack you in melee.


Message History

Unknown command.
You puncture the gnoll!
You kill the gnoll!
The gnoll hits you with a +0 flail.
You barely miss the gnoll.
The gnoll is almost dead.
The gnoll hits you with a +0 flail!
* * * LOW HITPOINT WARNING * * *
You barely miss the gnoll. You headbutt the gnoll.
You kill the gnoll!
You puncture the necrophage! You headbutt the necrophage!
The necrophage is severely damaged.
The necrophage hits you.
* * * LOW HITPOINT WARNING * * *
You puncture the necrophage!
The necrophage is almost destroyed.
You block the necrophage's attack.
You barely miss the necrophage. You headbutt the necrophage.
You destroy the necrophage!
You puncture the black bear!
The black bear is moderately wounded.
The black bear bites you but does no damage.
You block the black bear's attack. The black bear claws you.
* * * LOW HITPOINT WARNING * * *
You barely miss the black bear.
The black bear is moderately wounded.
The black bear barely misses you.
The black bear claws you but does no damage.
You block the black bear's attack. The black bear barely misses you. x2
The black bear claws you but does no damage.
You puncture the black bear!
The black bear is heavily wounded.
The black bear bites you.
* * * LOW HITPOINT WARNING * * *
The black bear claws you but does no damage. x2
You hit the black bear.
The black bear is heavily wounded.
The black bear bites you but does no damage.
The black bear claws you.
You die...

##...## #..[..........#
#.....# #...... ......#
'.....# #....# ......#
#.....+ ##...?##......#
##...## #......)......#
##...## +.............#
.#....# #......h......#
.#...###########h####..<...#
.#...##......##)@).##......#
.#..................#......#
#############.......#......#
#.......+.....[# ####
###....## .#.### ### ####+#
..#..##...# .####.+...# ##
###..)#


You could see a black bear.

Vanquished Creatures
  2 necrophages (D:5)
  A jelly (D:5)
  A gnoll bouda (D:5)
  A hound (D:5)
  Jessica (D:2)
  An iguana (D:5)
  7 gnolls (D:5)
  6 adders
  A worm (D:2)
  2 orcs (D:3)
  8 ball pythons
  5 endoplasms
  4 giant cockroaches
  5 goblins
  4 hobgoblins
  2 jackals (D:5)
  7 kobolds
  3 quokkas
  2 bats (D:2)
  6 frilled lizards
  6 rats
75 creatures vanquished.

Vanquished Creatures (others)
  A plant (D:2)
1 creature vanquished.

Grand Total: 76 creatures vanquished

Notes
Turn   | Place    | Note
-------+----------+-------------------------------------------
     0 | D:1      | ChadusMaximus the Minotaur Fighter began the quest for the
                  | Orb.
     0 | D:1      | Reached XP level 1. HP: 19/19 MP: 0/0
   246 | D:1      | Reached XP level 2. HP: 25/27 MP: 1/1
  1029 | D:2      | Found a glowing silver altar of Zin.
  1154 | D:2      | Reached XP level 3. HP: 30/33 MP: 2/2
  1218 | D:2      | Noticed Jessica
  1221 | D:2      | Killed Jessica
  1451 | D:2      | Reached XP level 4. HP: 41/41 MP: 3/3
  1454 | D:2      | Identified the +5 ring mail "Zuptaej" {rF+ rC+}
  1543 | D:2      | Found a faded altar of an unknown god.
  1798 | D:3      | Identified the +8 short sword "Kitruoc" {protect, rElec}
  2056 | D:3      | You fall into a shaft and drop 2 floors!
  2056 | D:5      | Entered Level 5 of the Dungeon
  2064 | D:5      | Reached XP level 5. HP: 47/47 MP: 4/4
  2189 | D:5      | Reached skill level 5 in Fighting
  2189 | D:5      | Reached skill level 5 in Armour
  2189 | D:5      | Reached skill level 5 in Shields
  2205 | D:5      | Reached XP level 6. HP: 48/56 MP: 5/5
  2298 | D:5      | Found a runed translucent door.
  2299 | D:5      | Noticed Crazy Yiuf
  2378 | D:5      | HP: 1/56 [black bear (3)]
  2379 | D:5      | Slain by a black bear

Illustrated notes

Levels and vault maps discovered:
D:1:      minmay_arrival_shattered_statue, layout_basic,
          nicolae_concentric_dashed_squares_mild
D:2:      cheibrodos_old_hovel, layout_basic, basic_altar,
          hellmonk_ecumenical_altar_crossroads, uniq_jessica
D:3:      layout_rooms
D:5:      layout_gridville, uniq_crazy_yiuf_cottage

Skill      XL: |  1  2  3  4  5 |
---------------+----------------+-----
Armour         | 4 5 |  5.5
Fighting       | 4 5 |  5.5
Shields        | 4 5 |  5.6
Axes           | 3 4 |  4.8

Action                   |  1- 3 |  4- 6 || total
-------------------------+-------+-------++-------
Melee: War axe           |    70 |    14 ||    84
       Headbutt          |    11 |    12 ||    23
       Short sword       |       |    80 ||    80
Armor: Scale mail        |    23 |       ||    23
       Plate armour      |     4 |    58 ||    62
Dodge: Dodged            |    25 |    40 ||    65
Block: Buckler           |     6 |    20 ||    26
